 Dungeon Crawl Stone Soup version 0.31-a0-108-gdf935468f2 (webtiles) character file.

Game seed: 3970017138102201859

93 holysushi the Magician (level 4, -2/33 HPs)
             Began as a Djinni Necromancer on May 28, 2023.
             Slain by Grinder (5 damage)
             ... on level 3 of the Dungeon.
             The game lasted 00:05:41 (2360 turns).

holysushi the Magician (Djinni Necromancer)         Turns: 2360, Time: 00:05:42

Health: -2/33      AC:  3    Str:  7    XL:     4   Next: 92%
Gold:   118        EV: 13    Int: 16    God:
                   SH:  0    Dex: 16

rFire   + + .        l - staff of cold
rCold   . . .        (no shield)
rNeg    . . .        a - +0 robe
rPois   ∞            (no helmet)
rElec   .            (no cloak)
rCorr   .            r - +0 pair of gloves
SInv    .            (boots unavailable)
Will    .....        (no amulet)
Stlth   ++           (no ring)
HPRegen 0.25/turn    (no ring)
MPRegen 0.00/turn

%: infuse magic (-3 HP)
@: flying
A: sickness immunity, fire resistance 2, cold vulnerability 1, float, innate
caster, HP casting, extra vitality 1
a: no special abilities


You were on level 3 of the Dungeon.
You visited 1 branch of the dungeon, and saw 3 of its levels.

You collected 118 gold pieces.

Inventory:

Missiles
 h - a throwing net
Armour
 a - a +0 robe (worn)
 r - a +0 pair of gloves (worn)
Magical Staves
 l - a staff of cold (weapon)
Jewellery
 q - an amulet of reflection
Scrolls
 b - 2 scrolls of vulnerability
 d - a scroll of noise {unknown}
 i - 2 scrolls of amnesia {unknown}
 j - a scroll of brand weapon {unknown}
 k - a scroll of enchant weapon {unknown}
 m - a scroll of identify
 o - a scroll of enchant armour {unknown}
 s - a scroll of teleportation {unknown}
Potions
 c - 2 potions of curing {unknown}
 e - 2 potions of magic
 f - a potion of brilliance
 g - 2 potions of resistance
 n - a potion of heal wounds {unknown}
 p - a potion of mutation {unknown}


   Skills:
 - Level 2.0 Fighting
 + Level 3.5 Dodging
 - Level 1.5 Stealth
 + Level 3.9 Spellcasting
 + Level 3.9 Conjurations
 + Level 3.9 Hexes
   Level 0.0 Charms
 + Level 3.9 Summonings
 + Level 3.9 Necromancy
 + Level 3.9 Translocations
 + Level 3.9 Transmutations
 + Level 3.9 Fire Magic
 + Level 3.9 Ice Magic
 + Level 3.9 Air Magic
 + Level 3.9 Earth Magic
 + Level 3.9 Poison Magic


You knew the following spells:

 Your Spells              Type           Power      Damage    Failure   Level
a - Necrotise             Necr           60%        1d7       3%          1
b - Vampiric Draining     Necr           15%        2d7       11%         3
c - Animate Dead          Necr           15%        N/A       34%         4
d - Agony                 Necr           15%        N/A       67%         5
e - Summon Small Mammal   Summ           60%        N/A       3%          1
Your spell library was empty.

Dungeon Overview and Level Annotations

Branches:
Dungeon (3/15) Zot: 15638

Altars:

Annotations:
D:3 Grinder


Innate Abilities, Weirdness & Mutations

You are immune to sickness and miasma.
You are immune to poison.
Your flesh is very heat resistant. (rF++)
You are vulnerable to cold. (rC-)
You float through the air rather than walking.
You learn spells naturally, not from books.
Your magical power is your life essence.
You have superior vitality. (+4 MHP)


Message History

Casting: Summon Small Mammal (safe; 3% risk of failure)
Confirm with . or Enter, or press ? or * to list all spells.
Your bat closely misses Grinder.
Grinder closely misses your bat.
Your bat hits Grinder but does no damage.
Casting: Summon Small Mammal (safe; 3% risk of failure)
Confirm with . or Enter, or press ? or * to list all spells.
Your bat disappears in a puff of smoke!
Your orc zombie hits Grinder.
Your bat barely misses Grinder.
Your orc zombie closely misses Grinder.
Grinder misses your bat.
Your bat hits Grinder but does no damage.
Casting: Summon Small Mammal (safe; 3% risk of failure)
Confirm with . or Enter, or press ? or * to list all spells.
Okay, then.
What are your orders? t - Shout!
Orders for allies: a - Attack new target. r - Retreat! s - Stop attacking. g - Guard the area. f - Follow me.
Anything else - Cancel.
Gang up on whom?
Press: ? - help, Dir - move target, f - Grinder
Aim: Grinder (moderately wounded, ally target) Attack!
Your bat closely misses Grinder.
Your orc zombie closely misses Grinder.
Your orc zombie barely misses Grinder.
Your bat misses Grinder. You hit Grinder.
Grinder is heavily wounded.
Your bat barely misses Grinder.
Your quokka completely misses Grinder.
Grinder gestures at you. Pain shoots through your body!
Your orc zombie hits Grinder but does no damage.
You hit Grinder but do no damage.
Grinder is heavily wounded.
Your bat hits Grinder but does no damage.
Your quokka bites Grinder.
Your orc zombie hits Grinder but does no damage.
Grinder hits you!
* * * LOW HITPOINT WARNING * * *
You writhe in agony.
You die...

.....########.#
.....# #####.#
######
#...#'#####
#.........#
#.....†...#
###.......#
#.......#
#....b..#
#....[@.#
#.....5r#
######ZZ#######
###.Z.....##
#..........#
#........#..
#........#
#........#
#.........#


You could see Grinder (ally target), 3 friendly orc zombies, a friendly quokka
(summoned) and a friendly bat (summoned).

Vanquished Creatures
  3 adders
  2 dart slugs
  4 orcs (D:3)
  7 endoplasms
  6 giant cockroaches
  2 goblins
  3 hobgoblins (D:1)
  A quokka (D:3)
  7 ball pythons
  2 frilled lizards (D:2)
  3 kobolds
  2 rats
42 creatures vanquished.

Vanquished Creatures (collateral kills)
  A dart slug (D:1)
  An orc (D:3)
  A bat (D:2)
  2 hobgoblins
  2 kobolds
  2 rats
9 creatures vanquished.

Vanquished Creatures (others)
  An adder zombie (D:3)
  A giant cockroach zombie (D:3)
  An orc zombie (D:3)
3 creatures vanquished.

Grand Total: 54 creatures vanquished

Notes
Turn   | Place    | Note
-------+----------+-------------------------------------------
     0 | D:1      | holysushi the Djinni Necromancer began the quest for the
                  | Orb.
     0 | D:1      | holysushi set off with the following spells memorised:
                  | Necrotise, Vampiric Draining, Animate Dead, Agony.
     0 | D:1      | Reached XP level 1. HP: 15/15 MP: 0/0
    85 | D:1      | Reached skill level 1 in Fighting
   160 | D:1      | Reached XP level 2. HP: 20/22 MP: 0/0
   612 | D:1      | Reached XP level 3. HP: 25/28 MP: 0/0
   612 | D:1      | Learned a level 1 spell: Summon Small Mammal
  1245 | D:2      | Found a faded altar of an unknown god.
  1792 | D:2      | Reached XP level 4. HP: 21/33 MP: 0/0
  2328 | D:3      | Noticed Grinder
  2338 | D:3      | Paralysed by Grinder for 3 turns
  2360 | D:3      | Slain by Grinder

Illustrated notes

Levels and vault maps discovered:
D:1:      lemuel_arrival_lava_pool, layout_basic
D:2:      layout_basic, ebering_ecumenical_altar_hall, minmay_octomino_e4
D:3:      layout_basic, uniq_grinder

Skill      XL: |  1  2  3 |
---------------+----------+-----
Fighting       | 1 2 |  2.0
Dodging        | 3 |  3.5
Stealth        | |  1.5
Spellcasting   | |  3.9
Conjurations   | |  3.9
Hexes          | |  3.9
Summonings     | |  3.9
Necromancy     | |  3.9
Translocations | |  3.9
Transmutations | |  3.9
Fire Magic     | |  3.9
Ice Magic      | |  3.9
Air Magic      | |  3.9
Earth Magic    | |  3.9
Poison Magic   | |  3.9

Action                     |  1- 3 |  4- 6 || total
---------------------------+-------+-------++-------
  Melee: Unarmed           |    14 |       ||    14
         Staff             |     2 |     8 ||    10
   Cast: Necrotise         |    74 |    13 ||    87
         Summon Small Mamm |    10 |     8 ||    18
         Vampiric Draining |       |     7 ||     7
         Animate Dead      |       |     1 ||     1
    Use: Scroll            |     4 |       ||     4
 Armour: Robe              |     6 |     7 ||    13
  Dodge: Dodged            |    31 |    13 ||    44

Table legend: (Time is in decaauts)
 A = Elapsed time spent in this place.
 B = Non-inter-level travel time spent in this place.
 C = Inter-level travel time spent in this place.
 D = Time resting spent in this place.
 E = Time spent auto-exploring this place.
 F = Levels seen in this place.
 G = Mean time per level.
                   A        B        C        D        E       F      G
               +--------+--------+--------+--------+--------+-----+--------+
         Total |   2360 |   2261 |     99 |    229 |   1567 |   3 |  786.7 |
       Dungeon |   2360 |   2261 |     99 |    229 |   1567 |   3 |  786.7 |
               +--------+--------+--------+--------+--------+-----+--------+

Top non-repeatable levels by time:
     D:1: 1104 daAuts
     D:2: 999 daAuts
     D:3: 257 daAuts
